 Dungeon Crawl Stone Soup version 0.30-a0-847-g17996783a1 (webtiles) character file.

Game seed: 7609643939126499338

167 IdlyInterested the Slasher (level 5, -2/41 HPs)
             Began as a Demonspawn Fighter on Mar 3, 2023.
             Killed by nerve-wracking pain
             ... invoked by Menkaure
              (3 damage)
             ... on level 4 of the Dungeon.
             The game lasted 00:06:59 (3391 turns).

IdlyInterested the Slasher (Demonspawn Fighter)     Turns: 3391, Time: 00:06:59

Health: -2/41      AC:  8    Str: 11    XL:     5   Next: 23%
Magic:  5/5        EV:  8    Int:  9    God:
Gold:   211        SH:  5    Dex: 15    Spells: 4/4 levels left

rFire   + . .      SeeInvis +    a - +0 long sword
rCold   x . .      Faith    .    c - +0 buckler
rNeg    . . .      Spirit   .    b - +1 scale mail
rPois   +          Reflect  .    (no helmet)
rElec   +          Rampage  .    q - +0 cloak
rCorr   .                        (no gloves)
Will    .....                    (no boots) Stlth
                                 (no amulet)
HPRegen 0.26/turn                p - ring "Uwoup" {Fire rElec rPois Str-5 SInv}
MPRegen 0.18/turn                (no ring)

@: no status effects
A: foul stench 1, magic regeneration
a: no special abilities


You were on level 4 of the Dungeon.
You visited 1 branch of the dungeon, and saw 4 of its levels.

You collected 211 gold pieces.

Inventory:

Hand Weapons
 a - a +0 long sword (weapon)
 m - a +0 long sword
Missiles
 j - 8 stones (quivered)
Armour
 b - a +1 scale mail (worn)
 c - a +0 buckler (worn)
 l - a +0 kite shield
 q - a +0 cloak (worn)
Jewellery
 n - a ring of wizardry
 p - the ring "Uwoup" (left hand) {Fire rElec rPois Str-5 SInv}
   (You found it on level 3 of the Dungeon)

   [ring of fire]

   It enhances your fire magic.
   Str:       It affects your strength (-5).
   rF:        It protects you from fire.
   rC:        It makes you vulnerable to cold.
   rElec:     It insulates you from electricity.
   rPois:     It protects you from poison.
   SInv:      It lets you see invisible.
Scrolls
 g - a scroll of amnesia {unknown}
Potions
 d - 2 potions of might
 e - a potion of magic
 f - a potion of cancellation
 h - a potion of curing {unknown}
 k - a potion of mutation {unknown}
 r - a potion of experience {unknown}
 s - a potion of brilliance {unknown}


   Skills:
 - Level 3.0 Fighting
 + Level 3.7 Long Blades
 - Level 1.0 Throwing
 - Level 3.0 Armour
 * Level 2.0 Dodging
 - Level 1.0 Stealth
 - Level 2.6 Shields
 - Level 1.0 Evocations


You had 4 spell levels left.
You didn't know any spells.
Your spell library was empty.

Dungeon Overview and Level Annotations

Branches:
Dungeon (4/15)
 Temple: D:4-7

Altars:
Gozag
Makhleb

Annotations:
D:4 Menkaure


Innate Abilities, Weirdness & Mutations

You may rarely emit foul miasma when damaged in melee.
You regenerate magic rapidly.


Message History

You aren't carrying any scrolls.
Okay, then.
Found a stone staircase leading down.
You now have 211 gold pieces (gained 11).
There is a stone staircase leading down here.
g - a scroll labelled DATUGI QUIHIDE You see here a +0 robe.
You open the door.
Menkaure, Prince of Dust comes into view.
Menkaure shouts!
There is an open door here.
You hit Menkaure.
Menkaure is lightly damaged.
Menkaure mumbles some strange words.
Menkaure seems to speed up.
You closely miss Menkaure.
Menkaure is lightly damaged.
Menkaure hums, "Let me perform the rites..."
Menkaure casts a spell at you. Pain shoots through your body!
Menkaure barely misses you.
You hit Menkaure but do no damage.
Menkaure is lightly damaged.
Menkaure hits you!
You slash Menkaure!
Menkaure is heavily damaged.
Menkaure barely misses you. Menkaure closely misses you.
You hit Menkaure.
Menkaure is severely damaged.
Menkaure hits you.
You closely miss Menkaure.
Menkaure is severely damaged.
Menkaure closely misses you. Menkaure hits you!
You barely miss Menkaure.
Menkaure is severely damaged.
Menkaure hits you!
* * * LOW HITPOINT WARNING * * *
It was a potion of magic.
Magic courses through your body. Menkaure casts a spell at you.
Pain shoots through your body!
You die...

######........#.# #.#
................###.#
...................>#
###################.#
####### #.# #.....#
#.# #.....# #[#
#....M# #.# #....@#
#.# ##.....###.####.#
#......'........#
#......###.######
#......# #.# #.######
#.# #. #.# # #.# #.#


You could see Menkaure (fast).

Vanquished Creatures
  A scorpion (D:4)
  An iguana (D:4)
  2 adders (D:3)
  A worm (D:3)
  2 dart slugs (D:1)
  3 orcs
  7 endoplasms
  3 giant cockroaches (D:1)
  4 goblins
  3 hobgoblins
  4 quokkas
  7 ball pythons
  2 bats
  8 frilled lizards
  A kobold (D:3)
  6 rats
55 creatures vanquished.

Notes
Turn   | Place    | Note
-------+----------+-------------------------------------------
     0 | D:1      | IdlyInterested the Demonspawn Fighter began the quest for
                  | the Orb.
     0 | D:1      | Reached XP level 1. HP: 18/18 MP: 1/1
   126 | D:1      | Reached skill level 1 in Dodging
   151 | D:1      | Gained mutation: You may rarely emit foul miasma when
                  | damaged in melee. [demonic ancestry]
   151 | D:1      | Reached XP level 2. HP: 24/24 MP: 2/2
   287 | D:1      | Reached skill level 1 in Stealth
   397 | D:1      | Reached skill level 1 in Evocations
   397 | D:1      | Gained mutation: You regenerate magic rapidly. [demonic
                  | ancestry]
   397 | D:1      | Reached XP level 3. HP: 29/29 MP: 3/3
  1066 | D:2      | Found a faded altar of an unknown god.
  1926 | D:3      | Reached skill level 1 in Throwing
  2047 | D:3      | Found a burning altar of Makhleb.
  2213 | D:3      | Reached XP level 4. HP: 32/35 MP: 4/4
  2295 | D:3      | Identified the ring "Uwoup" {Fire rElec rPois Str-5 SInv}
  2453 | D:3      | Found an opulent altar of Gozag.
  3267 | D:4      | Noticed a scorpion
  3279 | D:4      | Killed a scorpion
  3280 | D:4      | Reached XP level 5. HP: 41/41 MP: 5/5
  3381 | D:4      | Noticed Menkaure
  3390 | D:4      | HP: 1/41 [Menkaure (16)]
  3391 | D:4      | Killed from afar by Menkaure

Illustrated notes

Levels and vault maps discovered:
D:1:      sevenhm_arrival_forest_fort_large_4, layout_basic, minmay_cut_off
D:2:      layout_loops_cross, ebering_ecumenical_altar_mist, minmay_quantized
D:3:      layout_basic, grunt_temple_overflow_gold_and_silver,
          lemuel_round_altar
D:4:      layout_basic, uniq_menkaure

Skill      XL: |  1  2  3  4 |
---------------+-------------+-----
Long Blades    | 2 3 |  3.7
Dodging        | 1 2 |  2.0
Stealth        | 1 |  1.0
Evocations     | 1 |  1.0
Throwing       | 1 |  1.0
Armour         | 3 |  3.0
Fighting       | |  3.0
Shields        | |  2.6

Action                     |  1- 3 |  4- 6 || total
---------------------------+-------+-------++-------
  Melee: Long sword        |   109 |    54 ||   163
  Throw: Stone             |       |     4 ||     4
    Use: Scroll            |     5 |     3 ||     8
         Potion            |       |     1 ||     1
 Armour: Scale mail        |    45 |    19 ||    64
  Dodge: Dodged            |    43 |    23 ||    66
  Block: Buckler           |    23 |    16 ||    39

Table legend: (Time is in decaauts)
 A = Elapsed time spent in this place.
 B = Non-inter-level travel time spent in this place.
 C = Inter-level travel time spent in this place.
 D = Time resting spent in this place.
 E = Time spent auto-exploring this place.
 F = Levels seen in this place.
 G = Mean time per level.
                   A        B        C        D        E       F      G
               +--------+--------+--------+--------+--------+-----+--------+
         Total |   3445 |   2811 |    634 |    215 |   1954 |   4 |  861.2 |
       Dungeon |   3445 |   2811 |    634 |    215 |   1954 |   4 |  861.2 |
               +--------+--------+--------+--------+--------+-----+--------+

Top non-repeatable levels by time:
     D:3: 1264 daAuts
     D:1: 1149 daAuts
     D:2: 761 daAuts
     D:4: 270 daAuts
